Map: Oxide LE

Players

Bendikov

  • Race: Terran Terran
  • League: Gold
  • Spawn Location: 1:00

Lukas - Winner!

  • Race: Zerg Zerg
  • League: Platinum
  • Spawn Location: 7:00

VOD

Have the link to the VOD?

Description

Time

  • Played on: Nov. 3, 2020, 12:55 p.m.
  • Length: 9:09
Show
View Real Time Build Order
Export as new Build Order

Bendikov Terran 

Build Orders:  

Get SALT Encoding   

  12  0:00  SCV  
  13  0:16  Supply Depot  
  13  0:19  SCV  
  14  0:33  SCV  
  15  0:39  Barracks  
  15  0:45  SCV  
  16  0:59  Barracks  
  16  1:01  SCV  
  17  1:15  SCV  
  18  1:22  Barracks  
  18  1:27  Supply Depot  
  18  1:28  SCV  
  19  1:40  SCV  
  20  1:47  Marine  
  20  1:48  Marine  
  20  1:49  Supply Depot  
  22  1:55  Orbital Command  
  22  1:57  Refinery  
  22  2:05  Marine x2  
  24  2:17  Barracks  
  24  2:20  Marine  
  25  2:23  Marine  
  26  2:32  Supply Depot  
  26  2:33  Marine  
  27  2:42  Barracks Reactor  
  27  2:44  Marine  
  28  2:51  Marine  
  28  2:54  Supply Depot  
  29  2:59  Engineering Bay  
  29  3:01  Marine  
  30  3:09  Marine x2  
  32  3:18  Marine  
  32  3:19  Marine  
  26  3:24  Marine  
  27  3:27  Marine x2  
  27  3:36  Marine  
  27  3:37  Marine  
  28  3:42  Marine  
  28  3:45  Marine  
  31  3:51  Barracks Reactor, Supply Depot  
  31  3:53  Terran Infantry Armor Level 1  
  31  3:54  Marine  
  31  3:55  Marine  
  32  4:00  Marine  
  33  4:02  Marine  
  34  4:12  Marine  
  34  4:13  Marine  
  34  4:18  Marine  
  34  4:19  Supply Depot  
  34  4:20  Marine  
  36  4:26  Marine  
  36  4:27  Marine  
  36  4:29  Marine  
  36  4:30  Marine  
  40  4:36  Marine  
  41  4:39  Barracks Tech Lab  
  41  4:44  Marine x2  
  43  4:47  Marine  
  39  5:00  Marine x3  
  39  5:02  Marine x2  
  44  5:08  Marine  
  45  5:19  Combat Shield  
  45  5:25  Marine x2  
  47  5:31  Supply Depot  
  47  5:37  Marine x4  
  51  5:47  Supply Depot  
  51  5:49  Supply Depot  
  51  5:54  Marine x2  
  53  5:57  Marine  
  54  6:09  Factory  
  54  6:13  Marine  
  55  6:27  Marine x2  
  55  6:28  Marine x3  
  60  6:44  Marine  
  60  6:45  Marine x2  
  63  6:52  Marine x3  
  41  7:01  Marine  
  41  7:03  Marine x2  
  44  7:10  Marine x3  
  47  7:19  Marine  
  47  7:20  Stimpack  
  48  7:27  Starport  
  48  7:31  Marine x2  
  48  7:36  Supply Depot  
  50  7:37  Marine  
  51  7:47  Bunker  
  51  7:55  Marine x2  
  53  8:06  Command Center  
  53  8:08  Marine  
  53  8:12  Marine x2  
  55  8:16  Marine  
  57  8:23  Supply Depot  
  57  8:24  Marine  
  58  8:38  Marine x2  
  58  8:39  Marine  
  61  8:44  Marine  
Show
View Real Time Build Order
Export as new Build Order

Lukas Zerg - Winner!

Build Orders: 1 Base Baneling Bust, Pool First, Zergling Baneling 

Get SALT Encoding   

  12  0:05  Extractor  
  11  0:10  Drone  
  13  0:14  Drone  
  13  0:17  Drone  
  14  0:38  Spawning Pool  
  13  0:43  Overlord  
  13  0:48  Drone  
  14  1:10  Drone x3  
  17  1:25  Metabolic Boost  
  17  1:27  Zergling x2  
  17  1:31  Queen  
  20  1:36  Zergling x2  
  21  1:44  Baneling Nest  
  20  1:50  Zergling x2  
  20  1:53  Zergling x2  
  22  2:12  Overlord  
  22  2:30  Zergling x4  
  22  2:34  Baneling x4  
  22  2:36  Zergling x2  
  25  2:45  Baneling x3  
  25  2:48  Zergling x4  
  25  2:49  Zergling x2  
  28  2:56  Zergling x2  
  29  3:07  Zergling x2  
  28  3:19  Zergling x4  
  27  3:20  Zergling x2  
  26  3:32  Zergling x2  
  25  3:37  Zergling x2  
  25  3:47  Zergling x2  
  25  3:52  Baneling x2  
  25  3:53  Baneling  
  25  3:59  Zergling x2  
  26  4:08  Hatchery  
  24  4:20  Zergling x4  
  24  4:23  Zergling x2  
  24  4:24  Zergling x2  
  28  4:27  Baneling  
  28  4:28  Baneling x5  
  28  4:31  Zergling x2  
  23  5:14  Overlord x4  
  23  5:26  Baneling x6  
  23  5:27  Baneling x2  
  23  5:28  Zergling x6  
  26  5:52  Zergling x12  
  32  5:58  Zergling x2  
  33  6:16  Zergling x4  
  33  6:17  Zergling x6  
  39  6:32  Zergling x2  
  39  6:33  Zergling x2  
  40  6:40  Zergling x2  
  40  6:41  Zergling x6  
  38  6:53  Zergling x4  
  34  6:59  Zergling x4  
  36  7:17  Zergling x4  
  38  7:27  Zergling x4  
  38  7:29  Baneling x6  
  40  7:37  Zergling x4  
  40  7:40  Baneling  
  40  7:42  Baneling  
  42  7:46  Zergling x2  
  42  7:50  Drone  
  44  8:00  Zergling x4  
  44  8:04  Zergling x2  
  47  8:08  Zergling x2  
  48  8:14  Drone  
  49  8:23  Drone  
  50  8:32  Baneling x6  
  50  8:33  Baneling  
  49  8:36  Zergling x2  
  49  8:37  Zergling x2  
Tags
 
Add a new tag
Caveats
  • Supply blocks, unpowered buildings, or Contaminate may cause inaccurate times.
  • Supply counts are checked every 10 seconds.